 Dungeon Crawl Stone Soup version 0.28-a0-779-g3d1f99b579 (webtiles) character file.

Game seed: 8002669270271496985

140158 flotson the Blocker (level 17, -10/137 (138) HPs)
             Began as a Formicid Delver on Nov 2, 2021.
             Was an Initiate of Gozag.
             Mangled by Racryxty's ghost (31 damage)
             ... on level 2 of the Swamp on Nov 3, 2021.
             The game lasted 01:20:12 (45963 turns).

flotson the Blocker (Formicid Delver)              Turns: 45963, Time: 01:20:13

HP:   -10/137 (138) AC: 33    Str: 29    XL:     17   Next: 90%
MP:   26/26         EV: 14    Int: 12    God:    Gozag
Gold: 1057          SH: 16    Dex:  8    Spells: 16/16 levels left

rFire   . . .      SeeInvis +   a - +7 battleaxe (vorpal)
rCold   . . .      Faith    .   y - +0 tower shield
rNeg    . . .      Spirit   .   M - +10 plate armour "Ulotauc" {Rampage +Inv Str+4 Dex-4}
rPois   +          Reflect  .   (helmet unavailable)
rElec   .          Harm     .   N - +2 cloak {rCorr}
rCorr   +          Rampage  +   G - +1 pair of gloves {Str+3}
Will    +....                   o - +0 pair of boots {rampage}
Stlth   ..........              Z - amulet of Monotheism {Acrobat MP+9}
HPRegen 0.32/turn               c - +4 ring of evasion
MPRegen 0.20/turn               O - ring of poison resistance

@: gold aura, lightly drained
A: permanent stasis, dig shafts and tunnels, antennae 3, four strong arms
a: Dig, Shaft Self, Renounce Religion, Evoke Invisibility, Potion Petition, Call
Merchant, Bribe Branch


You were on level 2 of the Swamp.
You worshipped Gozag.
Gozag was most pleased with you.
You visited 5 branches of the dungeon, and saw 27 of its levels.

You collected 8624 gold pieces.
You spent 4707 gold pieces at shops.
You paid 2860 gold pieces to Gozag.

Inventory:

Hand Weapons
 a - a +7 vorpal battleaxe (weapon)
 b - a +2 broad axe of flaming
Missiles
 e - 10 javelins (quivered)
 n - 195 arrows
 q - 2 throwing nets
 x - 173 poisoned darts
 H - 6 curare-tipped darts
 P - 6 atropa-tipped darts
Armour
 o - a +0 pair of boots of rampaging (worn)
 y - a +0 tower shield (worn)
 G - a +1 pair of gloves of strength (worn)
 M - the +10 plate armour "Ulotauc" (worn) {Rampage +Inv Str+4 Dex-4}
   (You found it on level 1 of the Lair of Beasts)

   Str:       It affects your strength (+4).
   Dex:       It affects your dexterity (-4).
   +Inv:      It lets you turn invisible.
   Rampage:   It bestows one free step when moving towards enemies.
 N - a +2 cloak of preservation (worn)
Jewellery
 c - a +4 ring of evasion (left hand)
 i - an amulet of reflection
 L - a +4 ring of protection
 O - a ring of poison resistance (right hand)
 Z - the amulet of Monotheism (around neck) {Acrobat MP+9}
   (You found it on level 11 of the Dungeon)

   [amulet of the acrobat]

   It increases your evasion while moving and waiting.
   MP:        It affects your magic capacity (+9).
Wands
 f - a wand of digging (11)
 m - a wand of iceblast (12)
 z - a wand of mindburst (5)
 E - a wand of polymorph (22)
 J - a wand of flame (56)
 R - a wand of paralysis (11)
Scrolls
 d - 7 scrolls of magic mapping
 p - a scroll of enchant weapon
 r - 2 scrolls of enchant armour
 u - 2 scrolls of fear
 w - a scroll of torment {unknown}
 A - 3 scrolls of fog
 D - 5 scrolls of vulnerability
 F - a scroll of silence
 I - 3 scrolls of immolation
 Q - 5 scrolls of holy word
 W - 4 scrolls of summoning
 X - a scroll of acquirement {unknown}
Potions
 g - a potion of brilliance
 h - a potion of cancellation
 k - a potion of ambrosia
 l - 5 potions of heal wounds
 t - 5 potions of curing
 B - 7 potions of lignification
 C - 7 potions of attraction
 K - 3 potions of flight
 S - 3 potions of might
 T - 4 potions of invisibility
 U - 2 potions of resistance
Miscellaneous
 s - a piece from Xom's chessboard (15/15)
 Y - a phial of floods (inert)


   Skills:
 + Level 13.7 Fighting
 + Level 12.5 Axes
 + Level 11.9 Throwing
 + Level 13.2 Armour
 + Level 11.3 Dodging
 - Level 6.0 Stealth
 + Level 14.1 Shields
 - Level 12.0 Evocations


You had 16 spell levels left.
You didn't know any spells.
Your spell library contained the following spells:

 Spells                   Type           Power      Damage    Failure   Level
 Beastly Appendage        Tmut           0%         N/A       95%         1
 Foxfire                  Conj/Fire      0%         2x1d4     95%         1
 Freeze                   Ice            0%         1d3       95%         1
 Pain                     Necr           0%         1d4       95%         1
 Sandblast                Erth           0%         2d4       95%         1
 Sting                    Tmut/Pois      0%         1d3       95%         1
 Summon Small Mammal      Summ           0%         N/A       95%         1
 Corpse Rot               Necr/Air       0%         N/A       98%         2
 Poisonous Vapours        Pois/Air       0%         N/A       98%         2
 Static Discharge         Conj/Air       0%         N/A       98%         2
 Wereblood                Tmut           0%         N/A       98%         2
 Call Canine Familiar     Summ           0%         N/A       100%        3
 Conjure Flame            Conj/Fire      0%         6-21      100%        3
 Frozen Ramparts          Ice            0%         1d2       100%        3
 Inner Flame              Hex/Fire       0%         N/A       100%        3
 Portal Projectile        Hex/Tloc       0%         N/A       100%        3
 Spider Form              Tmut/Pois      0%         N/A       100%        3
 Summon Guardian Golem    Hex/Summ       0%         N/A       100%        3
 Dispel Undead            Necr           0%         3d6       100%        4
 Flame Wave               Conj/Fire      0%         3d3       100%        4
 Hailstorm                Conj/Ice       0%         3d3       100%        4
 Leda's Liquefaction      Hex/Erth       0%         N/A       100%        4
 Sticky Flame             Conj/Fire      0%         2d3       100%        4
 Iskenderun's Battlesphe  Conj           0%         2d6       100%        5
 Summon Forest            Summ/Tloc      0%         N/A       100%        5
 Summon Mana Viper        Hex/Summ       0%         N/A       100%        5
 Death Channel            Necr           0%         N/A       100%        6
 Iron Shot                Conj/Erth      0%         9d1       100%        6
 Statue Form              Tmut/Erth      0%         N/A       100%        6
 Summon Cactus Giant      Summ           0%         N/A       100%        6
 Dragon Form              Tmut           0%         N/A       100%        7
 Spellforged Servitor     Conj/Summ      0%         N/A       100%        7
 Infestation              Necr           0%         N/A       100%        8


Dungeon Overview and Level Annotations

Branches:
Dungeon (15/15)            Temple (1/1) D:4            Lair (6/6) D:9
  Swamp (3/4) Lair:4       Spider (0/4) Lair:4        Slime (0/5) Lair:6
    Orc (2/2) D:10            Elf (0/3) Orc:2        Vaults (0/5) D:14
 Depths (0/4) D:15

Altars:
Ashenzari
Cheibriados
Dithmenos
Elyvilon
Fedhas
Gozag
Hepliaklqana
Kikubaaqudgha
Makhleb
Nemelex Xobeh
Okawaru
Qazlal
Ru
Sif Muna
Trog
Uskayaw
Vehumet
Wu Jian
Xom
Yredelemnul
Zin
The Shining One
Beogh
Jiyva

Shops:
D:9 !   D:11 *[[   D:14 *   Orc:1 *   Orc:2 !*(?

Annotations:
Lair:3 2 transporters, exclusion: oklob plant, Mouwuw's ghost, journeyman MiMo
Lair:6 1 runed translucent door
Swamp:2 Racryxty's ghost, adept MiBe


Innate Abilities, Weirdness & Mutations

You cannot be hasted, slowed, berserked, paralysed or teleported.
You can dig through walls and to a lower floor.
You have a pair of large antennae on your head. (SInv)
Your four strong arms can wield two-handed weapons with a shield.


Message History

Okay, then.
Unknown command.
Aiming: Paralyse
Press: ? - help, Shift-Dir - straight line, f/p - Racryxty's ghost
Aim: Racryxty's ghost, wielding a weapon of flaming (severely damaged, chance to affect: 10%)
Okay, then.
Unknown command.
Unknown command.
Aiming: Mindburst
Press: ? - help, Shift-Dir - straight line, f/p - Racryxty's ghost
Aim: Racryxty's ghost, wielding a weapon of flaming (severely damaged, chance to affect: 29%)
Okay, then.
Unknown command.
You barely miss Racryxty's ghost.
Racryxty's ghost is severely damaged.
Racryxty's ghost hits you but does no damage.
You slash Racryxty's ghost!
Racryxty's ghost is almost destroyed.
Racryxty's ghost hits you!!
* * * LOW HITPOINT WARNING * * *
Racryxty's ghost burns you.
* * * LOW HITPOINT WARNING * * *
You feel much better. You block Racryxty's ghost's attack.
You barely miss Racryxty's ghost.
Racryxty's ghost is almost destroyed.
You block Racryxty's ghost's attack.
You hit Racryxty's ghost.
Racryxty's ghost is almost destroyed.
You block Racryxty's ghost's attack.
You slash Racryxty's ghost!
Racryxty's ghost is almost destroyed.
Racryxty's ghost hits you!!
* * * LOW HITPOINT WARNING * * *
Racryxty's ghost burns you.
* * * LOW HITPOINT WARNING * * *
You barely miss Racryxty's ghost.
Racryxty's ghost is almost destroyed.
Racryxty's ghost hits you!!
You die...
Your body crumbles into a pile of gold.

§≈♣♣♣♣[♣♣ ..♣ ♣♣.♣
≈.♣♣♣≈.♣ ≈..≈.≈♣♣
..≈≈≈≈♣♣♣
..♣≈≈..≈♣♣♣
..≈>...≈..♣♣♣♣♣♣♣
..≈♣..≈≈§≈..≈((W♣♣
≈♣≈≈..(..≈.≈≈♣♣♣@♣
≈≈.≈≈≈.♣♣♣♣♣♣♣ ♣♣♣
≈≈)≈≈≈♣♣ ♣≈≈≈≈≈♣
≈♣≈≈.§♣ ≈...♣♣♣
..♣♣♣ ♣♣♣ §♣


You could see Racryxty's ghost.

Vanquished Creatures
  Rupert (Lair:3)
  Roxanne (Swamp:1)
  The ghost of hydrownug the Fighter, a journeyman OgWn of Ru (Lair:5)
  Nessos (D:13)
  3 bunyips
  A minotaur (Lair:5)
  An eleionoma (Swamp:2)
  2 ettins
  A fire dragon (Lair:6)
  Josephine (Orc:2)
  Harold (Lair:1)
  A great orb of eyes (D:15)
  3 vault guards (D:14)
  5 ogre magi
  3 catoblepae
  A rakshasa (D:15)
  A ghost crab (Swamp:3)
  4 boulder beetles
  A death knight (D:12)
  10 hydras
  6 centaur warriors
  21 two-headed ogres
  A deep troll shaman (Lair:6)
  2 tengu warriors (D:14)
  11 death yaks
  2 alligators
  Urug (Lair:5)
  A fire crab (Lair:6)
  Sonja (D:13)
  7 spriggans
  5 skeletal warriors
  2 spectral spriggans (Swamp:2)
  5 goliath frogs
  2 spriggan druids (Swamp:2)
  A swamp dragon (Swamp:2)
  2 deep trolls (Orc:2)
  2 orc knights (D:14)
  A deep elf pyromancer (D:14)
  A lindwurm (Lair:6)
  3 fenstrider witch simulacra (Swamp:3)
  2 necromancers (D:11)
  6 ugly things
  8 cyclopes
  4 manticores
  2 will-o-the-wisps
  17 elephants
  5 black mambas
  A torpor snail (Lair:5)
  A gargoyle (D:13)
  A yaktaur (D:14)
  8 cane toads
  2 unseen horrors
  23 rime drakes
  A komodo dragon (shapeshifter) (D:14)
  3 tengu conjurers
  2 freezing wraiths (D:12)
  4 komodo dragons
  3 efreet
  A kobold demonologist (D:12)
  A spectral death drake (Swamp:3)
  12 trolls
  2 polar bears (Lair:6)
  5 tyrant leeches
  7 hornets
  5 blink frogs
  5 dream sheep (Lair:4)
  A meliai zombie (D:11)
  9 slime creatures
  A slime creature (shapeshifter) (D:15)
  A redback (Lair:4)
  4 flying skulls (D:11)
  6 shadows
  43 yaks
  8 wraiths
  15 wyverns
  A human (D:14)
  8 steam dragons
  6 vampire mosquitoes
  20 basilisks
  3 acid dragons
  A spriggan simulacrum (Swamp:3)
  12 swamp worms
  2 wargs (Orc:1)
  9 water moccasins
  A hell hound (Lair:4)
  2 black bears
  2 swamp drakes
  2 ice beasts
  A hornet zombie (D:8)
  11 orc warriors
  2 sky beasts (D:7)
  A necrophage (D:6)
  9 wolves
  23 ogres
  9 centaurs
  2 phantoms
  3 kobold brigands
  8 bullfrogs
  4 scorpions
  A wyvern zombie (D:7)
  A wyvern skeleton (D:5)
  4 killer bees (D:10)
  11 wights
  3 howler monkeys
  5 electric eels
  11 centaur zombies
  10 centaur skeletons
  A hound (D:6)
  15 orc priests
  3 jellies
  A bullfrog skeleton (D:6)
  2 gnoll shamans
  2 iguanas (D:5)
  13 orc wizards
  10 hell rats
  4 hound skeletons (D:4)
  3 howler monkey zombies (D:11)
  Robin (D:3)
  6 adders
  7 gnolls
  A howler monkey skeleton (D:7)
  2 shadow imps
  An adder skeleton (D:4)
  2 dart slugs
  68 orcs
  8 bats
  6 endoplasms
  2 giant cockroaches
  14 goblins
  11 hobgoblins
  7 jackals
  20 kobolds
  3 quokkas
  4 ball pythons
  2 frilled lizards
  6 rats
752 creatures vanquished.

Vanquished Creatures (others)
  A spriggan druid (Swamp:3)
  A hornet (Swamp:3)
  A spriggan (Swamp:2)
  A hell rat (Lair:6)
  13 foxfires
  44 fungi
  62 plants
  A withered plant (D:2)
124 creatures vanquished.

Grand Total: 876 creatures vanquished

Notes
Turn   | Place    | Note
-------+----------+-------------------------------------------
     0 | D:5      | flotson the Formicid Delver began the quest for the Orb.
     0 | D:5      | Reached XP level 1. HP: 18/18 MP: 1/1
   122 | D:5      | Noticed an iguana
   396 | D:4      | Reached XP level 2. HP: 24/24 MP: 2/2
   545 | D:4      | Reached skill level 1 in Armour
   545 | D:4      | Reached XP level 3. HP: 25/29 MP: 3/3
  1238 | D:1      | Reached XP level 4. HP: 37/37 MP: 4/4
  2023 | D:2      | Found a faded altar of an unknown god.
  2249 | D:2      | Found a bloodstained altar of Trog.
  2764 | D:2      | Reached XP level 5. HP: 34/42 MP: 5/5
  3397 | D:3      | Noticed Robin
  3516 | D:3      | Killed Robin
  3712 | D:3      | Found a shimmering altar of Xom.
  4134 | D:4      | Found a staircase to the Ecumenical Temple.
  4143 | Temple   | Entered the Ecumenical Temple
  4228 | D:4      | Reached XP level 6. HP: 35/49 MP: 6/6
  4334 | D:4      | Found a snail-covered altar of Cheibriados.
  4585 | D:4      | Reached skill level 1 in Throwing
  4585 | D:4      | Reached skill level 1 in Shields
  5045 | D:5      | Reached XP level 7. HP: 22/55 MP: 7/7
  5507 | D:5      | Reached skill level 2 in Shields
  5846 | D:5      | Reached skill level 5 in Fighting
  5861 | D:5      | HP: 2/56 [wyvern skeleton (5)]
  6522 | D:6      | Reached XP level 8. HP: 62/62 MP: 8/8
  6544 | D:6      | Reached skill level 3 in Shields
  7207 | D:6      | Noticed an air elemental
  7209 | D:6      | Found a stormy altar of Qazlal.
  7211 | D:6      | Noticed a fire elemental
  7211 | D:6      | Noticed a water elemental
  7449 | D:6      | Reached skill level 5 in Axes
  7449 | D:6      | Reached skill level 4 in Shields
  7601 | D:6      | Reached XP level 9. HP: 69/69 MP: 9/9
  7632 | D:6      | Found a sparkling altar of Nemelex Xobeh.
  7894 | D:7      | Reached skill level 5 in Armour
  8087 | D:7      | Reached skill level 1 in Evocations
  8387 | D:7      | Got the Reference Book on the Sinister Rocks
  8687 | D:7      | Found an ornate altar of the Wu Jian Council.
  8762 | D:8      | Reached skill level 5 in Shields
  9387 | D:8      | Reached skill level 5 in Dodging
  9553 | D:8      | Noticed a two-headed ogre
  9605 | D:8      | Killed a two-headed ogre
  9606 | D:8      | Reached XP level 10. HP: 77/77 MP: 10/10
  9687 | D:8      | Noticed a white ugly thing
  9704 | D:8      | Killed a white ugly thing
  9725 | D:8      | Reached skill level 6 in Shields
  9947 | D:8      | Reached skill level 5 in Throwing
 10300 | D:8      | Noticed a two-headed ogre
 10314 | D:8      | Killed a two-headed ogre
 10497 | D:8      | Found a glowing silver altar of Zin.
 10989 | D:8      | Noticed a boulder beetle
 11186 | D:7      | Reached XP level 11. HP: 64/85 MP: 11/11
 11383 | D:8      | Killed a boulder beetle
 11384 | D:8      | Reached skill level 7 in Shields
 11583 | D:8      | Found a white marble altar of Elyvilon.
 11770 | D:9      | Found a shadowy altar of Dithmenos.
 12191 | D:9      | Noticed a death yak
 12194 | D:9      | Noticed a death yak
 12195 | D:9      | Noticed a death yak
 12196 | D:9      | Noticed a death yak
 12198 | D:9      | Noticed a death yak
 12204 | D:8      | Killed a death yak
 12205 | D:8      | Reached skill level 5 in Evocations
 12916 | D:8      | Killed a death yak
 13242 | D:8      | Killed a death yak
 13540 | D:8      | Killed a death yak
 13737 | D:9      | Killed a death yak
 13867 | D:9      | Found a staircase to the Lair.
 13887 | D:9      | Found a bloodstained altar of Trog.
 13992 | D:9      | Found an opulent altar of Gozag.
 14001 | D:9      | Became a worshipper of Gozag Ym Sagoz the Greedy
 14041 | D:9      | Found Ponlellag's Distillery.
 14044 | D:9      | Bought 2 potions of curing for 60 gold pieces
 14044 | D:9      | Bought a potion of degeneration for 10 gold pieces
 14044 | D:9      | Bought a potion of might for 40 gold pieces
 14044 | D:9      | Bought a potion of lignification for 30 gold pieces
 14044 | D:9      | Bought a potion of invisibility for 80 gold pieces
 14126 | D:10     | Entered Level 10 of the Dungeon
 14137 | D:9      | Reached skill level 8 in Shields
 14192 | D:10     | Found a staircase to the Orcish Mines.
 14192 | D:10     | Noticed a two-headed ogre
 14211 | D:10     | Killed a two-headed ogre
 14212 | D:10     | Reached XP level 12. HP: 35/94 MP: 12/12
 14513 | D:10     | Found a basalt altar of Yredelemnul.
 14867 | D:10     | Found a shimmering blue altar of Sif Muna.
 15344 | D:10     | Noticed a two-headed ogre
 15354 | D:10     | Killed a two-headed ogre
 15514 | D:10     | Noticed a two-headed ogre
 15524 | D:10     | Killed a two-headed ogre
 16260 | Lair:1   | Entered Level 1 of the Lair of Beasts
 16267 | Lair:1   | Noticed Harold
 16297 | Lair:1   | Killed Harold
 16376 | Lair:1   | Identified the +10 plate armour "Ulotauc" {Rampage +Inv
                  | Str+4 Dex-4}
 16794 | Lair:1   | Noticed a seven-headed hydra
 16803 | Lair:1   | Killed a seven-headed hydra
 17443 | Lair:2   | Reached skill level 9 in Shields
 17747 | Lair:2   | You fall into a shaft and drop 1 floor!
 17923 | Lair:3   | Noticed Mouwuw's ghost (journeyman MiMo)
 17929 | Lair:3   | Found a transporter.
 17930 | Lair:3   | Noticed a five-headed hydra
 17940 | Lair:3   | Identified the +0 robe "Deprevuu" {+Blink rC- rN+ Regen+}
 17961 | Lair:2   | Reached XP level 13. HP: 92/101 MP: 13/13
 18288 | Lair:2   | You fall into a shaft and drop 1 floor!
 18320 | Lair:3   | Noticed Rupert
 18346 | Lair:3   | Killed Rupert
 18880 | Lair:3   | Found a transporter.
 20556 | Lair:4   | Found a staircase to the Swamp.
 20568 | Lair:4   | Reached skill level 10 in Fighting
 21120 | Lair:4   | Reached skill level 10 in Shields
 21200 | Lair:4   | Noticed a six-headed hydra
 21231 | Lair:4   | Killed a six-headed hydra
 21447 | Lair:4   | Noticed a six-headed hydra
 21637 | Lair:3   | Killed a six-headed hydra
 22384 | Lair:4   | Reached XP level 14. HP: 31/111 MP: 14/14
 23110 | Lair:4   | Found a hole to the Spider Nest.
 23539 | Lair:5   | Reached skill level 10 in Armour
 24326 | Lair:5   | Identified the amulet "Obaklij" {RegenMP Int+2}
 25237 | Lair:6   | Entered Level 6 of the Lair of Beasts
 25237 | Lair:6   | Noticed Urug
 25251 | Lair:5   | Killed Urug
 25472 | Lair:5   | Reached skill level 11 in Shields
 25604 | Lair:6   | Reached skill level 10 in Axes
 25878 | Lair:6   | Found a runed translucent door.
 26956 | Lair:6   | Found a viscous altar of Jiyva.
 26956 | Lair:6   | Noticed an azure jelly
 26956 | Lair:6   | Noticed an azure jelly
 27172 | Lair:6   | Found a staircase to the Slime Pits.
 27179 | Lair:6   | Found a runed translucent gate.
 27179 | Lair:6   | Found a runed translucent gate.
 27179 | Lair:6   | Found a runed translucent gate.
 27182 | Lair:6   | Noticed a minotaur
 27183 | Lair:6   | Noticed hydrownug's ghost (journeyman OgWn)
 27572 | Lair:6   | Reached XP level 15. HP: 96/119 MP: 15/15
 30233 | Lair:5   | Killed hydrownug's ghost
 30855 | Lair:6   | Reached skill level 10 in Evocations
 31170 | D:11     | Reached skill level 10 in Throwing
 31219 | D:11     | Reached skill level 12 in Shields
 31379 | D:11     | Identified the amulet of Monotheism {Acrobat MP+9}
 32418 | D:12     | Reached skill level 10 in Dodging
 33979 | D:13     | Noticed Sonja
 34090 | D:13     | Killed Sonja
 34445 | D:13     | Reached XP level 16. HP: 106/127 MP: 16/16
 34542 | D:13     | Noticed Nessos
 34569 | D:13     | Killed Nessos
 36374 | D:14     | Found a radiant altar of Vehumet.
 36809 | D:14     | Found Gumur's Assorted Antiques.
 36815 | D:14     | Bought a scroll labelled GEODUU MIRCHUV for 27 gold pieces
 36815 | D:14     | Bought a scroll of fear for 94 gold pieces
 36815 | D:14     | Bought a scroll of identify for 54 gold pieces
 37018 | D:14     | You fall into a shaft and drop 1 floor!
 37018 | D:15     | Entered Level 15 of the Dungeon
 37990 | D:15     | Found a staircase to the Depths.
 38514 | D:14     | Reached skill level 13 in Shields
 38867 | D:14     | Found a gate to the Vaults.
 39222 | Orc:1    | Entered Level 1 of the Orcish Mines
 39306 | Orc:1    | Found Suraz's Overcharged Wands.
 39380 | Orc:2    | Entered Level 2 of the Orcish Mines
 39381 | Orc:2    | Noticed Josephine
 39401 | Orc:2    | Killed Josephine
 39702 | Orc:2    | Found a staircase to the Elven Halls.
 40075 | Orc:2    | Reached XP level 17. HP: 136/136 MP: 17/17
 40786 | Orc:2    | Found Zafekotwem's General Store.
 40788 | Orc:2    | Found Myem's Magic Scroll Shoppe.
 40788 | Orc:2    | Found Rocoda's Distillery.
 40791 | Orc:2    | Bought a scroll of identify for 20 gold pieces
 40791 | Orc:2    | Bought a scroll of immolation for 35 gold pieces
 40791 | Orc:2    | Bought 6 atropa-tipped darts for 36 gold pieces
 40800 | Orc:2    | Bought a scroll of identify for 28 gold pieces
 40800 | Orc:2    | Bought a scroll of identify for 28 gold pieces
 40800 | Orc:2    | Bought a scroll of brand weapon for 280 gold pieces
 40800 | Orc:2    | Bought a scroll of identify for 28 gold pieces
 40800 | Orc:2    | Bought a scroll of enchant weapon for 105 gold pieces
 40807 | Orc:2    | Found Xiohic's Antique Weapon Emporium.
 40811 | Orc:2    | Bought a potion of cancellation for 112 gold pieces
 40811 | Orc:2    | Bought a potion of might for 56 gold pieces
 40811 | Orc:2    | Bought a potion of curing for 42 gold pieces
 40811 | Orc:2    | Bought a potion of heal wounds for 70 gold pieces
 40811 | Orc:2    | Bought a potion of resistance for 140 gold pieces
 40811 | Orc:2    | Bought a potion of might for 56 gold pieces
 40811 | Orc:2    | Bought a potion of heal wounds for 70 gold pieces
 40811 | Orc:2    | Bought 2 potions of lignification for 84 gold pieces
 40811 | Orc:2    | Bought a potion of attraction for 42 gold pieces
 41491 | D:11     | Bought a scroll of brand weapon for 380 gold pieces
 41500 | D:11     | Bought a pair of embroidered boots for 300 gold pieces
 41500 | D:11     | Bought a heavily runed plate armour for 1120 gold pieces
 41500 | D:11     | Identified the +5 plate armour of the Shrike {rF+ Int+3}
                  | (You bought it in a shop on level 11 of the Dungeon)
 41500 | D:11     | Bought a pair of embroidered boots for 300 gold pieces
 41500 | D:11     | Bought a pair of smouldering gloves for 380 gold pieces
 41500 | D:11     | Identified the -2 pair of gloves of the Evening {Harm} (You
                  | bought it in a shop on level 11 of the Dungeon)
 41519 | D:11     | Bought a pair of embroidered gloves for 300 gold pieces
 41519 | D:11     | Bought an embroidered cloak for 300 gold pieces
 41719 | Swamp:1  | Entered Level 1 of the Swamp
 42798 | Swamp:1  | Identified Roxanne's Disquisition on Changing
 42798 | Swamp:1  | Noticed Roxanne
 43278 | Swamp:1  | Killed Roxanne
 45054 | Swamp:3  | Found a runed translucent gate.
 45055 | Swamp:3  | Found a runed translucent gate.
 45055 | Swamp:3  | Found a runed translucent gate.
 45105 | Swamp:3  | Reached skill level 14 in Shields
 45662 | Swamp:3  | Noticed Racryxty's ghost (adept MiBe)
 45963 | Swamp:2  | Mangled by Racryxty's ghost

Illustrated notes

Levels and vault maps discovered:
D:1:      heliophobic_arrival_ceremonial_halls, layout_basic, serial_forest,
          infiniplex_forest_clump_curved, infiniplex_forest_straight_4,
          infiniplex_forest_clump_small, infiniplex_forest_clump_curved,
          infiniplex_forest_clump_large, infiniplex_forest_lined_corner,
          infiniplex_forest_straight_4, minmay_pentomino_q4
D:2:      layout_basic, ebering_ecumenical_altar_petrified, basic_altar
D:3:      layout_rooms, xom_butterflies, fountainhead,
          hangedman_decor_clover_reticule, chequers_serial_rivers_micro_d,
          amcnicky_mini_rare_corridor_liquid, uniq_robin
D:4:      layout_loops_corners, mainiacjoe_overflow_small_starburst,
          minmay_temple_entry_purple_smoke, chequers_serial_rivers_large_a,
          corexii_checkpoint_a
D:5:      layout_loops_ring, dk_vineyard_2, minmay_door_square
D:6:      minmay_spotlight, layout_loops_ring, nemelex_spade_bored_becter,
          nicolae_qazlal_style_of_elements, chequers_serial_rivers_marsh
D:7:      layout_cave_pools, mainiacjoe_overflow_brackets
D:8:      wad_statue_garden, layout_basic, mainiacjoe_overflow_paths,
          general_overflow_altar, grunt_ogre_cave
D:9:      layout_roguey [special_room_orc], lemuel_round_altar,
          amcnicky_altar_gilded, mainiacjoe_overflow_alcove_2,
          dpeg_lair_monsters, serial_shops, nicolae_shop_behind_doors,
          corexii_checkpoint_a
D:10:     layout_loops_corners, lemuel_round_altar, lemuel_tele_altar,
          minmay_orc_entry_temple_small
D:11:     hangedman_screamer, layout_irregular_city
D:12:     layout_grid_maze
D:13:     layout_rooms, interstate_on_off, uniq_sonja, uniq_nessos
D:14:     layout_basic, grunt_vaults_entry_fortified, serial_park_tiny_pond,
          serial_shops, shop, grunt_livestock, chequers_mini_garden,
          fiery_altar_vehumet
D:15:     gammafunk_enter_depths_forms, layout_irregular_city
Temple:   eino_temple_lava
Lair:1:   layout_cave_pods, uniq_harold
Lair:2:   layout_hall_layers, serial_bayou, serial_bayou_lake_a,
          serial_bayou_pond_e, serial_bayou_pond_b, serial_bayou_ford_a,
          serial_bayou_crossing, serial_bayou_pond_d, lemuel_fruit_tree
Lair:3:   layout_small_grid, nzn_ghost_randoct, uniq_rupert
Lair:4:   layout_roguey, swamp_mist, spider_nest_entry_webs, special_room
          [special_room_mythical_zoo], grunt_megastairs_4
Lair:5:   layout_hall_layers, st_stairs_6, grunt_megastairs_3,
          serial_bayou_shore_b, serial_bayou_shore_a
Lair:6:   grunt_lair_end_beastmaster, layout_layer_cave, slime_altar_2,
          maelrawn_ghost_gauntlet_escape, special_room
          [special_room_mythical_zoo], fungi_pond_lemuel,
          bobbens_dragon_lair_wall, uniq_urug
Swamp:1:  layout_basic_swamp, evilmike_swamp_ruin_house_4, uniq_roxanne
Swamp:2:  layout_falls_marsh, hangedman_swamp_ruin_wall
Swamp:3:  layout_falls_marsh, gammafunk_ghost_necromancy, hangedman_swamp_pad
Orc:1:    layout_caves, nicolae_shop_overcharged_wands
Orc:2:    st_orc_open, layout_caves, uniq_josephine

Skill      XL: |  1  2  3  4  5  6  7  8  9 10 11 12 13 14 15 16 17 |
---------------+----------------------------------------------------+-----
Dodging        | 2 3 4 5 6 7 8 9 10 11 | 11.3
Armour         | 1 2 3 4 5 6 7 8 9 10 11 12 13 | 13.2
Fighting       | 4 5 6 7 8 9 10 11 12 13 | 13.7
Axes           | 3 4 5 6 7 8 9 10 11 12 | 12.5
Throwing       | 1 2 3 4 5 6 7 8 9 10 11 | 11.9
Shields        | 1 2 4 5 6 8 9 10 11 12 13 14 | 14.1
Evocations     | 2 4 5 7 8 9 10 11 12 | 12.0
Stealth        | |  6.0

Action                   |  1- 3 |  4- 6 |  7- 9 | 10-12 | 13-15 | 16-18 || total
-------------------------+-------+-------+-------+-------+-------+-------++-------
Melee: Hand axe          |    56 |   204 |   104 |       |       |       ||   364
       Morningstar       |       |       |    44 |   505 |   824 |     4 ||  1377
       Broad axe         |       |       |    19 |       |   393 |    49 ||   461
       Battleaxe         |       |       |    80 |    64 |   228 |   818 ||  1190
 Fire: Longbow           |       |       |       |       |       |   105 ||   105
Throw: Dart              |       |       |    13 |    41 |    14 |       ||    68
       Throwing net      |       |       |     1 |     3 |       |       ||     4
       Javelin           |       |       |       |       |     9 |     8 ||    17
Invok: Call Merchant     |       |       |       |       |       |     3 ||     3
Evoke: Piece from Xom's  |       |       |       |     3 |    35 |       ||    38
       Wand              |       |       |       |     2 |    14 |     2 ||    18
       Phial of floods   |       |       |       |       |     1 |     1 ||     2
  Use: Scroll            |       |     1 |     1 |       |    13 |    18 ||    33
       Potion            |       |       |       |       |     8 |     4 ||    12
 Stab: Sleeping          |     6 |    10 |     3 |     2 |       |       ||    21
       Distracted        |       |       |     1 |     2 |     3 |     2 ||     8
       Held in net/web   |       |       |       |     2 |       |       ||     2
       Petrified         |       |       |       |     7 |    10 |       ||    17
       Paralysed         |       |       |       |       |     7 |       ||     7
       Confused          |       |       |       |       |       |     1 ||     1
Armor: Leather armour    |     8 |     8 |       |       |       |       ||    16
       Ring mail         |       |    62 |    82 |    63 |       |       ||   207
       Scale mail        |       |       |       |   106 |       |       ||   106
       Plate armour      |       |       |       |   110 |  1042 |   459 ||  1611
Dodge: Dodged            |    24 |   125 |    74 |   207 |   497 |   470 ||  1397
Block: Tower shield      |       |    35 |   177 |   519 |  1344 |   810 ||  2885

Table legend: (Time is in decaauts)
 A = Elapsed time spent in this place.
 B = Non-inter-level travel time spent in this place.
 C = Inter-level travel time spent in this place.
 D = Time resting spent in this place.
 E = Time spent auto-exploring this place.
 F = Levels seen in this place.
 G = Mean time per level.
                   A        B        C        D        E       F      G
               +--------+--------+--------+--------+--------+-----+--------+
         Total |  47441 |  44915 |   2526 |   3824 |  32274 |  27 | 1757.1 |
       Dungeon |  25578 |  24127 |   1451 |   1740 |  17662 |  15 | 1705.2 |
        Temple |     71 |     64 |      7 |      0 |     61 |   1 |   71.0 |
          Lair |  15924 |  15100 |    824 |   1804 |  10401 |   6 | 2654.0 |
         Swamp |   3622 |   3454 |    168 |    129 |   2642 |   3 | 1207.3 |
  Orcish Mines |   2244 |   2170 |     74 |    151 |   1508 |   2 | 1122.0 |
               +--------+--------+--------+--------+--------+-----+--------+

Top non-repeatable levels by time:
  Lair:6: 4488 daAuts
  Lair:4: 3422 daAuts
     D:8: 3096 daAuts
  Lair:5: 2761 daAuts
    D:10: 2237 daAuts
    D:13: 2213 daAuts
  Lair:2: 2087 daAuts
    D:12: 1975 daAuts
  Lair:3: 1944 daAuts
     D:5: 1896 daAuts
     D:9: 1878 daAuts
    D:14: 1878 daAuts
     D:7: 1786 daAuts
 Swamp:1: 1743 daAuts
   Orc:2: 1562 daAuts
